 Dungeon Crawl Stone Soup version 0.20-a0-947-g2784f4f (webtiles) character file.

153 Lifeless the Shield-Bearer (level 5, -12/41 HPs)
             Began as a Human Fighter on Apr 3, 2017.
             Mangled by a gnoll
             ... wielding a +0 halberd
              (17 damage)
             ... on level 3 of the Dungeon.
             The game lasted 00:11:56 (3143 turns).

Lifeless the Shield-Bearer (Human Fighter)          Turns: 3143, Time: 00:11:58

Health: -12/41     AC:  7    Str: 17    XL:     5   Next: 61%
Magic:  14/14      EV:  7    Int:  8    God:
Gold:   136        SH:  9    Dex: 13    Spells: 4/4 levels left

rFire    . . .     SeeInvis .   a - +0 long sword
rCold    . . .     Gourm    .   c - +0 shield
rNeg     . . .     Faith    .   b - +0 scale mail
rPois    .         Spirit   .   (no helmet)
rElec    .         Reflect  .   (no cloak)
rCorr    .         Harm     .   (no gloves)
MR       .....                  (no boots)
Stlth    ..........             n - amulet of magic regeneration
Regen    0.2/turn               l - ring of magical power
MPRegen  0.3/turn               (no ring)

@: no status effects
A: no striking features
a: no special abilities


You were on level 3 of the Dungeon.
You were hungry.

You visited 1 branch of the dungeon, and saw 3 of its levels.

You collected 136 gold pieces.

Inventory:

Hand Weapons
 a - a +0 long sword (weapon)
Armour
 b - a +0 scale mail (worn)
 c - a +0 shield (worn)
Jewellery
 l - a ring of magical power (left hand)
 n - an amulet of magic regeneration (around neck)
Scrolls
 i - a scroll of teleportation {unknown}
 j - a scroll of fog {unknown}
 k - a scroll of magic mapping
 m - a scroll of enchant armour {unknown}
 r - a scroll of immolation {unknown}
 s - a scroll of remove curse
 w - a scroll of recharging {unknown}
Potions
 e - a potion of haste {unknown}
 g - 2 potions of curing {unknown}
 h - a potion of lignification {unknown}
 p - a potion of flight {unknown}
 t - a potion of mutation {unknown}
Comestibles
 f - 5 bread rations
 o - a royal jelly
 q - 3 meat rations
 v - 4 fruits


   Skills:
 + Level 3.6 Fighting
 * Level 3.5 Long Blades
 + Level 3.8 Armour
 + Level 3.8 Shields


You had 4 spell levels left.
You didn't know any spells.

Dungeon Overview and Level Annotations

Branches:
Dungeon (3/15)

Altars:
Cheibriados
Makhleb
Xom


Message History

You hit the rat.
You kill the rat!
The gnoll barely misses you.
You closely miss the giant cockroach. You block the gnoll's attack.
The giant cockroach bites you but does no damage.
You closely miss the giant cockroach. You block the giant cockroach's attack.
The gnoll barely misses you. The giant cockroach bites you.
* * * LOW HITPOINT WARNING * * *
You hit the giant cockroach.
The giant cockroach is severely wounded.
The gnoll hits you from afar with a halberd.
* * * LOW HITPOINT WARNING * * *
You block the giant cockroach's attack.
You closely miss the giant cockroach.
The giant cockroach is severely wounded.
The giant cockroach barely misses you.
You riposte.
You closely miss the giant cockroach.
The giant cockroach is severely wounded.
The gnoll hits you from afar with a halberd!
You die...

#########.#####.........#####
.............)'..^......'....
.....#'#+#####.........#####
.............#####.....##
.............# #.....#
####..[......# #######
..<....#+#### ########
########.############.......
......s@.ggg..).'.......
#...#############....... #
#....... ###### #.......
#.)..# #g...... #....#
#g.g.... #....# #....g..
#....# #.......
#....######.......


You could see 2 gnolls, a giant cockroach and a hobgoblin.

Vanquished Creatures
  6 adders
  A gnoll (D:3)
  An ooze (D:2)
  A worm (D:2)
  A dart slug (D:2)
  A leopard gecko (D:1)
  4 orcs (D:3)
  2 ball pythons
  4 giant cockroaches
  7 goblins
  7 hobgoblins
  10 jackals
  10 kobolds
  4 bats
  8 frilled lizards
  6 rats
73 creatures vanquished.

Vanquished Creatures (others)
  5 toadstools (D:1)
5 creatures vanquished.

Grand Total: 78 creatures vanquished

Notes
Turn   | Place    | Note
-------+----------+-------------------------------------------
     0 | D:1      | Lifeless the Human Fighter began the quest for the Orb.
     0 | D:1      | Reached XP level 1. HP: 18/18 MP: 1/1
   222 | D:1      | Reached XP level 2. HP: 24/24 MP: 2/2
   635 | D:1      | Reached XP level 3. HP: 27/29 MP: 3/3
  1374 | D:2      | Found a burning altar of Makhleb.
  1374 | D:2      | Noticed a cacodemon
  1377 | D:2      | Noticed an orange demon
  1377 | D:2      | Noticed an orange demon
  1589 | D:2      | Reached XP level 4. HP: 35/35 MP: 4/4
  1605 | D:2      | Found a snail-covered altar of Cheibriados.
  2534 | D:3      | Found a shimmering altar of Xom.
  2563 | D:3      | Reached XP level 5. HP: 32/41 MP: 5/5
  3143 | D:3      | Mangled by a gnoll

Vault maps used:
D:1:      ldierk_walled_garden
D:2:      lemuel_coloured_pillars_altar, makhleb_altar_promises_db
D:3:      xom_teletrap_fun

Skill      XL: |  1  2  3  4 |
---------------+-------------+-----
Long Blades    | 3 |  3.5
Fighting       | |  3.6
Armour         | |  3.8
Shields        | |  3.8

Action                   |  1- 3 |  4- 6 || total
-------------------------+-------+-------++-------
Melee: Long sword        |   120 |   192 ||   312
  Use: Scroll            |     3 |       ||     3
       Potion            |       |     1 ||     1
  Eat: Chunk             |     2 |     5 ||     7
Armor: Scale mail        |    47 |    74 ||   121
Dodge: Dodged            |    31 |    69 ||   100
Block: Shield            |    59 |   100 ||   159
       Rpst.: Long sword |     9 |    19 ||    28
